 Dungeon Crawl Stone Soup version 0.24.0-123-gd5b16e6ec5 (webtiles) character file.

Game seed: 13553965516163270454, levelgen mode: deterministic

5201 Elellon the Cleaver (level 10, -5/91 HPs)
             Began as a Hill Orc Fighter on Jan 9, 2020.
             Was a High Priest of Okawaru.
             Slain by an unseen horror (6 damage)
             ... on level 10 of the Dungeon.
             The game lasted 00:16:47 (7561 turns).

Elellon the Cleaver (Hill Orc Fighter)              Turns: 7561, Time: 00:16:48

Health: -5/91      AC: 15    Str: 23    XL:     10   Next: 60%
Magic:  2/10       EV:  8    Int:  8    God:    Okawaru [*****.]
Gold:   146        SH:  0    Dex: 10    Spells: 9/9 levels left

rFire    . . .     SeeInvis .   G - +4 battleaxe (flame)
rCold    . . .     Gourm    +   (shield currently unavailable)
rNeg     . . .     Faith    .   u - +0 chain mail
rPois    +         Spirit   .   t - +0 helmet
rElec    .         Reflect  .   x - +0 cloak
rCorr    .         Harm     .   F - +0 pair of gloves
MR       .....                  (no boots)
Stlth    ..........             y - amulet of the gourmand
HPRegen  0.25/turn              E - ring of flight (curse)
MPRegen  0.12/turn              R - ring of poison resistance

@: no status effects
A: no striking features
a: Heroism, Finesse, Renounce Religion, Evoke Flight


You were on level 10 of the Dungeon.
You worshipped Okawaru.
Okawaru was extremely pleased with you.
You were very full.

You visited 2 branches of the dungeon, and saw 11 of its levels.

You collected 652 gold pieces.
You spent 506 gold pieces at shops.

Inventory:

Hand Weapons
 a - a +0 war axe
 s - a cursed +0 flail
 G - a +4 battleaxe of flaming (weapon)
Missiles
 K - 2 silver javelins (quivered)
 L - 4 boomerangs
Armour
 c - a +0 shield
 t - a +0 helmet (worn)
 u - a +0 chain mail (worn)
 x - a +0 cloak (worn)
 F - a +0 pair of gloves (worn)
Jewellery
 y - an amulet of the gourmand (around neck)
 E - a cursed ring of flight (left hand)
 R - a ring of poison resistance (right hand)
Wands
 b - a wand of paralysis (11)
 n - a wand of clouds (4)
 w - a wand of acid (13)
 J - a wand of polymorph (9)
 N - a wand of iceblast (7)
Scrolls
 e - 5 scrolls of identify
 i - a scroll of blinking {unknown}
 j - 3 scrolls of teleportation {unknown}
 k - 9 scrolls of remove curse
 m - 2 scrolls of fear {unknown}
 p - a scroll of fog {unknown}
 v - 2 scrolls of immolation {unknown}
 z - a scroll of enchant weapon {unknown}
 A - a scroll of enchant armour {unknown}
 C - a scroll of magic mapping {unknown}
 H - a scroll of acquirement {unknown}
 M - a scroll of noise {unknown}
 Q - a scroll of torment {unknown}
Potions
 d - 2 potions of might
 g - 8 potions of curing
 h - 3 potions of haste {unknown}
 l - 4 potions of heal wounds {unknown}
 o - a potion of lignification {unknown}
 q - a potion of magic {unknown}
 r - 3 potions of flight {unknown}
 B - 2 potions of berserk rage {unknown}
 D - 2 potions of cancellation {unknown}
 I - a potion of resistance {unknown}
 O - a potion of brilliance {unknown}
 P - a potion of ambrosia {unknown}
 S - a potion of mutation {unknown}
Comestibles
 f - 13 rations


   Skills:
 + Level 9.1 Fighting
 * Level 13.4 Axes
 + Level 8.2 Armour
 - Level 6.9 Shields


You had 9 spell levels left.
You didn't know any spells.
Your spell library contained the following spells:

 Spells                   Type           Power        Failure   Level  Hunger
 Beastly Appendage        Tmut           #.....       95%         1    ##.....
 Flame Tongue             Conj/Fire      #....        95%         1    ##.....
 Summon Small Mammal      Summ           #...         95%         1    ##.....
 Call Imp                 Summ           #.......     99%         2    ###....
 Sticks to Snakes         Tmut           #.......     99%         2    ###....
 Throw Flame              Conj/Fire      #.....       99%         2    ###....
 Call Canine Familiar     Summ           #.......     100%        3    ####...
 Conjure Flame            Conj/Fire      #.......     100%        3    ####...
 Inner Flame              Hex/Fire       #.......     100%        3    ####...
 Spider Form              Tmut/Pois      #.........   100%        3    ####...
 Summon Guardian Golem    Hex/Summ       #.......     100%        3    ####...
 Ice Form                 Ice/Tmut       #.......     100%        4    #####..
 Sticky Flame             Conj/Fire      #.......     100%        4    #####..
 Summon Ice Beast         Ice/Summ       #.......     100%        4    #####..
 Summon Lightning Spire   Summ/Air       #.......     100%        4    #####..
 Blade Hands              Tmut           #.........   100%        5    ######.
 Fireball                 Conj/Fire      #.........   100%        5    ######.


Dungeon Overview and Level Annotations

Branches:
Dungeon (10/15)            Temple (1/1) D:4            Lair (0/6) D:10
    Orc (0/2) D:10

Altars:
Ashenzari
Cheibriados
Dithmenos
Fedhas
Gozag
Hepliaklqana
Kikubaaqudgha
Makhleb
Nemelex Xobeh
Okawaru
Qazlal
Ru
Sif Muna
Trog
Uskayaw
Vehumet
Wu Jian
Xom
Yredelemnul
Zin
The Shining One

Shops:
D:4 *   D:7 (

Annotations:
D:10 2 runed translucent doors


Message History

Something hits you but does no damage. Something hits you but does no damage.
Something hits you but does no damage.
Something hits you but does no damage. x2
Something hits you but does no damage.
You feel like a meek peon again. Something hits you but does no damage.
Something hits you but does no damage. Something hits you but does no damage.
Something hits you!
* * * LOW HITPOINT WARNING * * *
Something hits you but does no damage. Something hits you but does no damage.
Something hits you but does no damage.
The meliai mumbles some strange prayers to its god against you.
Something smites you!
* * * LOW HITPOINT WARNING * * *
Something hits you but does no damage. Something hits you.
You die...

#.# #.# #########.####
## #..<......... ..#
#.##.####.)# #.#
#......##..###### #.#
#.####..........# #.##
.####.# ###...##...#
#..####### ....>.#
###..@.#.# #....>...#
#.....#
###....###..#####.#
##..#.#
[Z#######...#..# #.#
#...#.#
#y9T.T..###.y..## #.#
.#..#.#
5T######G.###...####.#
....#.#
##..#..###...##.#
.#....#
##.#..#...###....##
......#
##.##.#...#..###y..#
.....รท#
##.###..#...#.......#


You could see a meliai.

Vanquished Creatures
  An unseen horror (D:10)
  Pikel (D:5)
  A shadow (D:6)
  A steam dragon (D:9)
  Edmund (D:5)
  A water moccasin (D:9)
  An acid dragon (D:9)
  A phantom (D:9)
  2 ice beasts (D:10)
  A black bear (D:7)
  3 ogres
  A necrophage (D:4)
  5 centaurs
  A big kobold (D:10)
  7 bullfrogs
  2 scorpions
  7 wights
  4 crimson imps
  A bullfrog zombie (D:10)
  A quasit (D:7)
  A centaur zombie (D:5)
  8 hounds
  3 jellies
  Crazy Yiuf (D:5)
  3 centaur skeletons
  Terence (D:2)
  An iguana (D:10)
  6 orc wizards
  12 worker ants
  A howler monkey zombie (D:9)
  A worker ant zombie (D:8)
  7 adders
  4 gnolls
  2 oozes
  An adder zombie (D:5)
  3 worms (D:2)
  A dart slug (D:2)
  2 leopard geckos
  15 orcs
  6 bats
  5 giant cockroaches
  9 hobgoblins
  2 jackals (D:3)
  18 kobolds
  2 quokkas
  6 frilled lizards
  12 goblins
  A jackal skeleton (D:4)
  3 quokka skeletons
  17 rats
  A spectral orc (D:2)
198 creatures vanquished.

Vanquished Creatures (others)
  A crimson imp (D:5)
  A hound (D:5)
  Ijyb (D:5)
  An adder (D:5)
  A quokka (D:5)
5 creatures vanquished.

Grand Total: 203 creatures vanquished

Notes
Turn   | Place    | Note
-------+----------+-------------------------------------------
     0 | D:1      | Elellon the Hill Orc Fighter began the quest for the Orb.
     0 | D:1      | Reached XP level 1. HP: 19/19 MP: 1/1
    55 | D:1      | Reached skill level 3 in Axes
   115 | D:1      | Reached XP level 2. HP: 26/26 MP: 2/2
   161 | D:1      | Reached skill level 4 in Axes
   394 | D:1      | Reached XP level 3. HP: 31/31 MP: 3/3
   564 | D:2      | Reached skill level 5 in Axes
   736 | D:2      | Found an iron altar of Okawaru.
   783 | D:2      | Found an opulent altar of Gozag.
   903 | D:2      | Noticed Terence
   918 | D:2      | Killed Terence
   918 | D:2      | Reached skill level 6 in Axes
   918 | D:2      | Reached XP level 4. HP: 19/39 MP: 4/4
  1107 | D:2      | Found a basalt altar of Yredelemnul.
  1344 | D:2      | Found a sacrificial altar of Ru.
  1729 | D:3      | Reached XP level 5. HP: 27/46 MP: 5/5
  2241 | D:4      | Found a staircase to the Ecumenical Temple.
  2265 | Temple   | Entered the Ecumenical Temple
  2476 | D:4      | Noticed a necrophage
  2483 | D:4      | Killed a necrophage
  2483 | D:4      | Reached skill level 7 in Axes
  2483 | D:4      | Reached XP level 6. HP: 45/53 MP: 6/6
  2571 | D:2      | Became a worshipper of Warmaster Okawaru
  2613 | D:4      | Reached XP level 7. HP: 49/60 MP: 7/7
  2686 | D:4      | Found Mucitt's General Store.
  2694 | D:4      | Bought a potion of degeneration for 12 gold pieces
  3020 | D:4      | Found an ornate altar of the Wu Jian Council.
  3068 | D:5      | Entered Level 5 of the Dungeon
  3079 | D:5      | Reached skill level 5 in Fighting
  3079 | D:5      | Reached skill level 8 in Axes
  3134 | D:5      | Noticed Edmund
  3153 | D:5      | Killed Edmund
  3164 | D:5      | Found Zin's Purification Station.
  3167 | D:5      | Found a glowing silver altar of Zin.
  3170 | D:5      | Bought a potion of curing for 90 gold pieces
  3199 | D:5      | Found a shattered altar of Ashenzari.
  3199 | D:5      | Found a stormy altar of Qazlal.
  3295 | D:5      | Reached * piety under Okawaru
  3351 | D:5      | Noticed Pikel
  3372 | D:5      | Killed Pikel
  3372 | D:5      | Reached ** piety under Okawaru
  3372 | D:5      | Reached skill level 9 in Axes
  3372 | D:5      | Reached skill level 5 in Armour
  3372 | D:5      | Reached skill level 5 in Shields
  3372 | D:5      | Reached XP level 8. HP: 25/70 MP: 8/8
  3428 | D:5      | Noticed Ijyb
  3442 | D:5      | Killed Ijyb
  3656 | D:5      | Found a runed translucent door.
  3657 | D:5      | Noticed Crazy Yiuf
  3835 | D:5      | Got a distressingly furry ring mail
  3845 | D:5      | Identified the +1 ring mail of Pidexzy {Str+3} (You found
                  | it on level 5 of the Dungeon)
  3931 | D:5      | Reached *** piety under Okawaru
  4142 | D:5      | Killed Crazy Yiuf
  4266 | D:6      | Noticed a shadow
  4277 | D:6      | Killed a shadow
  4277 | D:6      | Reached skill level 10 in Axes
  4498 | D:6      | Reached XP level 9. HP: 73/78 MP: 6/9
  4663 | D:6      | Found a burning altar of Makhleb.
  5111 | D:6      | Reached skill level 11 in Axes
  5202 | D:7      | Found Guynkil's Weapon Shoppe.
  5223 | D:7      | Found a radiant altar of Vehumet.
  5571 | D:7      | Reached **** piety under Okawaru
  6027 | D:8      | Found a hazy altar of Hepliaklqana.
  6156 | D:8      | Found a shimmering blue altar of Sif Muna.
  6336 | D:7      | Bought a +4 battleaxe of flaming for 404 gold pieces
  6464 | D:9      | Received a gift from Okawaru
  6485 | D:9      | Reached skill level 12 in Axes
  6544 | D:9      | Reached XP level 10. HP: 85/88 MP: 10/10
  6585 | D:9      | Found a hide-covered altar of Uskayaw.
  7008 | D:10     | Entered Level 10 of the Dungeon
  7044 | D:10     | Killed an unseen horror
  7044 | D:10     | Reached ***** piety under Okawaru
  7044 | D:10     | Received a gift from Okawaru
  7044 | D:10     | Reached skill level 13 in Axes
  7163 | D:10     | Found a staircase to the Lair.
  7400 | D:10     | Found a staircase to the Orcish Mines.
  7448 | D:10     | Found a runed translucent door.
  7448 | D:10     | Noticed a centaur warrior
  7463 | D:10     | Found a runed translucent door.
  7522 | D:10     | Noticed a gargoyle
  7560 | D:10     | HP: 1/91 [meliai/divine providence (10)]
  7561 | D:10     | Slain by an unseen horror

Levels and vault maps discovered:
D:1:      minmay_arrival_wavy_path, layout_rooms, minmay_rat_gold_closets
D:2:      layout_basic, nicolae_ru_the_path_less_chosen,
          yredelemnul_forgotten_temple_becter, okawaru_metal_pillars_1_2,
          grunt_gozag_breadcrumbs, uniq_terence
D:3:      layout_basic, first_ration, minmay_misc_feat_columns,
          minmay_stone_trees_medium
D:4:      layout_rooms, kennysheep_mini, minmay_temple_entry_ruins,
          serial_shops, shop_statue, minmay_goblin_kobold_house
D:5:      layout_loops_ring, gammafunk_temple_overflow_statue, zin_purify,
          st_stairs_9, uniq_edmund, uniq_crazy_yiuf_cottage, uniq_pikel,
          uniq_ijyb
D:6:      minmay_thick_lines, layout_basic, makhleb_heckhound_becter
D:7:      layout_basic, fiery_altar_vehumet, serial_shops, shop
D:8:      layout_rooms, lemuel_round_altar, lemuel_doored_altar,
          overflow_temple_1_default
D:9:      layout_basic, eat_drink_and_be_merry_uskayaw
D:10:     minmay_the_grid_triangle_9x9_rhombus_thin
          [minmay_the_grid_triangle_9x9_minimal,
          minmay_the_grid_triangle_9x9_prize_center,
          minmay_the_grid_triangle_9x9_tough_junction,
          minmay_the_grid_triangle_9x9_zippers_horizontal], layout_loops_ring,
          lair_entry_dummy, hangedman_fish_farm
Temple:   compressed_dpeg_triangle_lava_temple

Skill      XL: |  1  2  3  4  5  6  7  8  9 10 |
---------------+-------------------------------+-----
Axes           | 3 4 6 7 9 10 12 13 | 13.4
Fighting       | 4 6 8 9 |  9.1
Shields        | 4 5 6 |  6.9
Armour         | 4 5 7 8 |  8.2

Action                   |  1- 3 |  4- 6 |  7- 9 | 10-12 || total
-------------------------+-------+-------+-------+-------++-------
Melee: War axe           |   118 |   193 |   337 |       ||   648
       Battleaxe         |       |       |    20 |    89 ||   109
Invok: Heroism           |       |       |     3 |     1 ||     4
  Use: Scroll            |       |       |     3 |     2 ||     5
  Eat: Chunk             |       |     6 |    13 |    21 ||    40
Armor: Scale mail        |    43 |    48 |       |       ||    91
       Chain mail        |       |    62 |   195 |    84 ||   341
Dodge: Dodged            |    40 |    52 |    84 |    39 ||   215
Block: Shield            |    53 |   101 |   155 |       ||   309
